 Dungeon Crawl Stone Soup version 0.27-a0-1579-g97d2440184 (webtiles) character file.

Game seed: 7468767894846850378

876 bilbop the Caller (level 8, -1/46 HPs)
             Began as a Kobold Summoner on July 17, 2021.
             Was an Initiate of Dithmenos.
             Killed from afar by Maggie (16 damage)
             ... with a bolt of fire
             ... on level 6 of the Dungeon on July 18, 2021.
             The game lasted 00:52:02 (9139 turns).

bilbop the Caller (Kobold Summoner)                 Turns: 9139, Time: 00:52:03

Health: -1/46      AC:  5    Str:  6    XL:     8   Next: 25%
Magic:  2/13       EV: 15    Int: 18    God:    Dithmenos [......]
Gold:   199        SH:  0    Dex: 15    Spells: 8/14 levels left

rFire    . . .     SeeInvis .   a - +2 dagger (drain)
rCold    . . .     Faith    .   (shield restricted)
rNeg     . . .     Spirit   .   p - +0 leather armour
rPois    .         Reflect  .   t - +0 helmet
rElec    .         Harm     .   (no cloak)
rCorr    .         Rampage  .   r - +0 pair of gloves
Will     .....                  (no boots)
Stlth    ++++......             (no amulet)
HPRegen  0.15/turn              (no ring)
MPRegen  0.13/turn              (no ring)

@: mesmerised
A: small, no large weapons, nightstalker 3
a: Renounce Religion


You were on level 6 of the Dungeon.
You worshipped Dithmenos.
Dithmenos was noncommittal.
You visited 1 branch of the dungeon, and saw 6 of its levels.

You collected 386 gold pieces.
You spent 187 gold pieces at shops.

Inventory:

Hand Weapons
 a - a +2 dagger of draining (weapon)
 b - the +7 hand crossbow of Nerghejya {vorpal, Drain rPois rC+}
   (You bought it in a shop on level 1 of the Dungeon)

   Any ammunition fired from it inflicts extra damage upon your enemies.
   rC:        It protects you from cold.
   rPois:     It protects you from poison.
   Drain:     It drains your maximum health when unequipped.
 x - a +0 dagger
 A - a +1 dagger of electrocution
Missiles
 s - 50 bolts
 y - a curare-tipped dart
Armour
 p - a +0 leather armour (worn)
 r - a +0 pair of gloves (worn)
 t - a +0 helmet (worn)
 v - a +0 robe
Wands
 u - a wand of acid (8)
Scrolls
 d - a scroll of magic mapping {unknown}
 e - 2 scrolls of noise {unknown}
 f - 3 scrolls of enchant armour {unknown}
 g - 3 scrolls of fear {unknown}
 h - 4 scrolls of identify {unknown}
 o - a scroll of brand weapon {unknown}
 B - a scroll of vulnerability {unknown}
Potions
 c - a potion of magic {unknown}
 i - 3 potions of attraction {unknown}
 j - 2 potions of flight {unknown}
 k - 2 potions of heal wounds {unknown}
 l - a potion of mutation {unknown}
 m - a potion of might {unknown}
 n - a potion of resistance {unknown}
 q - a potion of lignification {unknown}
 w - a potion of degeneration {unknown}
 z - a potion of curing {unknown}


   Skills:
 + Level 3.2 Fighting
 + Level 4.0 Short Blades
 + Level 2.0 Armour
 + Level 4.5 Dodging
 + Level 5.2 Stealth
 + Level 3.8 Spellcasting
 + Level 5.2 Summonings
 + Level 2.2 Invocations


You had 8 spell levels left.
You knew the following spells:

 Your Spells              Type           Power      Damage    Failure   Level
a - Summon Small Mammal   Summ           88%        N/A       2%          1
b - Call Imp              Summ           22%        N/A       4%          2
c - Call Canine Familiar  Summ           22%        N/A       8%          3

Your spell library contained the following spells:

 Spells                   Type           Power      Damage    Failure   Level
 Animate Skeleton         Necr           6%         N/A       22%         1
 Apportation              Tloc           6%         N/A       22%         1
 Corona                   Hex            3%         N/A       22%         1
 Summon Guardian Golem    Hex/Summ       12%        N/A       24%         3
 Summon Lightning Spire   Summ/Air       12%        N/A       61%         4


Dungeon Overview and Level Annotations

Branches:
Dungeon (6/15)             Temple (0/1) D:6

Altars:
Dithmenos
Elyvilon
Fedhas
Hepliaklqana
Kikubaaqudgha
Qazlal
Sif Muna
Uskayaw
Wu Jian
Yredelemnul
Zin

Shops:
D:1 (

Annotations:
D:5 1 runed translucent door, Crazy Yiuf
D:6 Maggie


Innate Abilities, Weirdness & Mutations

You are small and have problems with some larger weapons.
You are completely attuned to the shadows.


Message History

A beastly little devil appears in a puff of flame.
Your hound bites Edmund but does no damage.
Maggie says, "How do the people who live here stand the isolation?"
Edmund hits your hound with a +3 flail of protection!
Your crimson imp hits Maggie.
You cannot move away from Maggie!
Your hound completely misses Edmund.
Maggie barely misses your crimson imp. Maggie misses your hound.
Your hound bites Edmund.
Edmund dies!
Dithmenos accepts your kill.
Your crimson imp barely misses Maggie.
Your crimson imp blinks!
Your Short Blades skill increases to level 4!
Your Armour skill increases to level 2!
What are your orders? t - Shout!
Orders for allies: a - Attack new target. r - Retreat! s - Stop attacking. g - Guard the area. f - Follow me.
Anything else - Cancel.
Gang up on whom?
Press: ? - help, Dir - move target, f - Maggie
Aim: Maggie, wielding a +0 broad axe and wearing +0 swamp dragon scales (lightly wounded, mesmerising, ally target) Attack!
Your hound bites Maggie but does no damage.
Maggie barely misses your crimson imp.
Maggie hits your hound with a +0 broad axe!
Your hound dies!
Your hound's corpse disappears in a puff of smoke!
Your crimson imp blinks!
You cannot move away from Maggie!
You hit Maggie. You drain Maggie.
Maggie is lightly wounded.
Maggie misses you.
You hit Maggie. You drain Maggie.
Maggie is lightly wounded.
Your crimson imp blinks!
Maggie points at you and mumbles some strange words.
The bolt of fire hits you!
You die...

................)...##..........#
.....#..........))...#......#....
....#...................#.....###
...........................#.....
.......##.................###...#
......###.........).......###....
..........###..##.§........##..#.
....#....#.#....##.##..........##
...##.#....#..#.@@.###..#......##
...##..........##....#.#####.....
...####.#.......#5.....###.#...##
#...##.#.....#....§....##.....###
##..####...####...............###
##.......#..# .#.....#.........##
.##.....##.## #.K#####....###..#
..#....##..# ##K## #....# ##..
#.5....##..# #.## ##....## ##.


You could see Maggie (mesmerising, drained, ally target) and a friendly crimson
imp (summoned).

Vanquished Creatures
  A centaur (D:5)
  A wyvern zombie (D:5)
  A hound (D:4)
  2 orc priests
  An orc wizard (D:4)
  An iguana (D:2)
  Robin (D:4)
  An adder (D:5)
  A dart slug (D:1)
  4 orcs
  3 ball pythons
  4 bats
  4 endoplasms
  2 goblins
  A hobgoblin (D:3)
  A jackal (D:1)
  2 quokkas
  3 kobolds
34 creatures vanquished.

Vanquished Creatures (collateral kills)
  Grinder (D:4)
  Edmund (D:6)
  A necrophage (D:5)
  A black bear (D:6)
  Blork the orc (D:5)
  A kobold brigand (D:6)
  A bullfrog zombie (D:5)
  3 hounds
  3 orc priests
  3 orc wizards
  3 gnolls (D:4)
  An adder (D:4)
  A shadow imp (D:4)
  A white imp (D:5)
  3 dart slugs
  17 orcs
  A bat (D:2)
  3 endoplasms
  2 giant cockroaches
  11 goblins
  9 hobgoblins
  3 jackals
  8 kobolds
  2 ball pythons (D:4)
  2 rats (D:1)
83 creatures vanquished.

Vanquished Creatures (others)
  A fungus (D:5)
  2 plants (D:3)
  A withered plant (D:3)
4 creatures vanquished.

Grand Total: 121 creatures vanquished

Notes
Turn   | Place    | Note
-------+----------+-------------------------------------------
     0 | D:1      | bilbop the Kobold Summoner began the quest for the Orb.
     0 | D:1      | Reached XP level 1. HP: 10/10 MP: 3/3
   479 | D:1      | Noticed a floating eye
   480 | D:1      | Found a faded altar of an unknown god.
   480 | D:1      | Noticed a shining eye
   487 | D:1      | Reached XP level 2. HP: 16/16 MP: 0/5
   540 | D:1      | Noticed an eye of devastation
   540 | D:1      | Noticed a floating eye
   753 | D:1      | Found Yfang's Antique Weapon Emporium.
  1038 | D:1      | Reached skill level 1 in Short Blades
  1506 | D:2      | Reached XP level 3. HP: 20/20 MP: 6/6
  1561 | D:2      | Learned a level 2 spell: Call Imp
  1578 | D:2      | Reached skill level 1 in Fighting
  1698 | D:2      | Reached XP level 4. HP: 20/25 MP: 4/7
  2575 | D:3      | Found a basalt altar of Yredelemnul.
  2575 | D:3      | Found a shimmering blue altar of Sif Muna.
  2575 | D:3      | Found an ornate altar of the Wu Jian Council.
  2643 | D:3      | Found a hazy altar of Hepliaklqana.
  2694 | D:3      | Found an ancient bone altar of Kikubaaqudgha.
  3223 | D:3      | Found a blossoming altar of Fedhas.
  3498 | D:4      | Noticed Robin
  3535 | D:4      | Killed Robin
  3732 | D:4      | Reached XP level 5. HP: 25/30 MP: 5/9
  4105 | D:4      | Noticed Grinder
  4129 | D:4      | Learned a level 3 spell: Call Canine Familiar
  4148 | D:4      | Found a white marble altar of Elyvilon.
  4567 | D:4      | Found a hide-covered altar of Uskayaw.
  4800 | D:4      | Found a shadowy altar of Dithmenos.
  4800 | D:4      | Found a stormy altar of Qazlal.
  4804 | D:4      | Became a worshipper of Dithmenos the Shadowed
  4884 | D:4      | Reached XP level 6. HP: 18/35 MP: 1/10
  4904 | D:4      | Paralysed by Grinder for 6 turns
  4916 | D:4      | Killed Grinder
  4917 | D:4      | Reached skill level 1 in Armour
  5527 | D:5      | Entered Level 5 of the Dungeon
  5562 | D:5      | Reached skill level 1 in Invocations
  5646 | D:5      | Reached XP level 7. HP: 40/40 MP: 11/11
  6010 | D:5      | Found a glowing silver altar of Zin.
  6128 | D:5      | Noticed Blork the orc
  6147 | D:5      | Killed Blork the orc
  6148 | D:5      | Reached skill level 5 in Summonings
  6263 | D:1      | Bought a brightly glowing hand crossbow for 187 gold pieces
  6263 | D:1      | Identified the +7 hand crossbow of Nerghejya {vorpal, Drain
                  | rPois rC+} (You bought it in a shop on level 1 of the
                  | Dungeon)
  7644 | D:5      | Found a runed translucent door.
  7647 | D:5      | Noticed Crazy Yiuf
  8022 | D:6      | Found a staircase to the Ecumenical Temple.
  8317 | D:6      | Noticed Edmund
  8685 | D:6      | Reached skill level 5 in Stealth
  8685 | D:6      | Reached XP level 8. HP: 39/43 MP: 9/13
  9130 | D:6      | Noticed Maggie
  9135 | D:6      | Killed Edmund
  9139 | D:6      | Killed from afar by Maggie

Illustrated notes

Levels and vault maps discovered:
D:1:      heliophobic_arrival_glass_houses, layout_basic,
          hellmonk_ecumenical_altar_watching_god, serial_shops, shop
D:2:      layout_loops_ring
D:3:      layout_loops_ring, grunt_temple_overflow_growth_and_decay,
          gammafunk_temple_overflow_claw, nicolae_hepliaklqana_hippocampus,
          st_stairs_13, minivault_26
D:4:      layout_loops_cross, elyvilon_altar_3, nicolae_uskayaw_suspiria,
          gammafunk_temple_overflow_elements, uniq_grinder, uniq_robin
D:5:      layout_layer_cave, amcnicky_altar_gilded, grunt_ministairs_14,
          uniq_crazy_yiuf_cottage, uniq_blork_the_orc
D:6:      layout_layer_cave, minmay_temple_entry_arrows, uniq_edmund,
          uniq_maggie

Skill      XL: |  1  2  3  4  5  6  7  8 |
---------------+-------------------------+-----
Short Blades   | 1 2 3 4 |  4.0
Stealth        | 3 4 5 |  5.2
Fighting       | 1 2 3 |  3.2
Dodging        | 3 4 |  4.5
Spellcasting   | 3 |  3.8
Armour         | 1 2 |  2.0
Invocations    | 1 2 |  2.2
Summonings     | 5 |  5.2

Action                   |  1- 3 |  4- 6 |  7- 9 || total
-------------------------+-------+-------+-------++-------
Melee: Unarmed           |     4 |       |       ||     4
       Dagger            |    17 |   123 |    58 ||   198
 Cast: Summon Small Mamm |    19 |       |       ||    19
       Call Imp          |     1 |    47 |    29 ||    77
       Call Canine Famil |       |    11 |    19 ||    30
Evoke: Wand              |       |       |     1 ||     1
 Stab: Sleeping          |     9 |     9 |     3 ||    21
       Distracted        |       |     3 |     1 ||     4
Armor: Robe              |     7 |     6 |       ||    13
       Leather armour    |       |    17 |    11 ||    28
Dodge: Dodged            |    31 |    71 |    39 ||   141

Table legend: (Time is in decaauts)
 A = Elapsed time spent in this place.
 B = Non-inter-level travel time spent in this place.
 C = Inter-level travel time spent in this place.
 D = Time resting spent in this place.
 E = Time spent auto-exploring this place.
 F = Levels seen in this place.
 G = Mean time per level.
                   A        B        C        D        E       F      G
               +--------+--------+--------+--------+--------+-----+--------+
         Total |   9120 |   8296 |    824 |   1464 |   5580 |   6 | 1520.0 |
       Dungeon |   9120 |   8296 |    824 |   1464 |   5580 |   6 | 1520.0 |
               +--------+--------+--------+--------+--------+-----+--------+

Top non-repeatable levels by time:
     D:4: 2242 daAuts
     D:5: 2190 daAuts
     D:6: 1275 daAuts
     D:3: 1262 daAuts
     D:1: 1190 daAuts
     D:2: 958 daAuts
